 Dungeon Crawl Stone Soup version 0.29-a0-100-g60f898f876 (webtiles) character file.

Game seed: 4000609081624089334

28 Gargoyl the Skirmisher (level 3, -6/24 HPs)
             Began as a Gargoyle Abyssal Knight on Feb 14, 2022.
             Was a Follower of Lugonu.
             Mangled by Sigmund (11 damage)
             ... on level 2 of the Dungeon.
             The game lasted 00:01:35 (1672 turns).

Gargoyl the Skirmisher (Gargoyle Abyssal Knight)    Turns: 1672, Time: 00:01:36

Health: -6/24      AC:  6    Str: 18    XL:     3   Next: 12%
Magic:  4/4        EV: 11    Int: 10    God:    Lugonu [*.....]
Gold:   154        SH:  0    Dex: 10    Spells: 2/2 levels left

rFire   + . .      SeeInvis .   a - +1 hand axe
rCold   + . .      Faith    .   (no shield)
rNeg    + . .      Spirit   .   b - +0 leather armour
rPois   ∞          Reflect  .   (no helmet)
rElec   +          Harm     .   (no cloak)
rCorr   +          Rampage  .   (no gloves)
Will    .....                   (no boots)
Stlth   +.........              (no amulet)
HPRegen 0.08/turn               (no ring)
MPRegen 0.09/turn               (no ring)

@: resistant, flying
A: sickness immunity, AC +3, negative energy resistance 1, electricity
resistance, torment resistance 1, petrification resistance
a: Renounce Religion, Depart the Abyss


You were on level 2 of the Dungeon.
You worshipped Lugonu.
Lugonu was aware of your devotion.
You visited 1 branch of the dungeon, and saw 2 of its levels.
You visited the Abyss 1 time.

You collected 154 gold pieces.

Inventory:

Hand Weapons
 a - a +1 hand axe (weapon)
Armour
 b - a +0 leather armour (worn)
Potions
 c - a potion of resistance
 f - a potion of flight
 g - a potion of curing {unknown}
 i - a potion of attraction {unknown}


   Skills:
 + Level 3.7 Fighting
 + Level 2.2 Axes
 + Level 2.6 Armour
 + Level 1.1 Dodging
 + Level 2.0 Invocations


You had 2 spell levels left.
You didn't know any spells.
Your spell library contained the following spells:

 Spells                   Type           Power      Damage    Failure   Level
 Sting                    Tmut/Pois      0%         1d3       41%         1
 Poisonous Vapours        Pois/Air       0%         N/A       56%         2
 Olgreb's Toxic Radiance  Pois           0%         N/A       99%         4


Dungeon Overview and Level Annotations

Branches:
Dungeon (2/15)

Altars:

Annotations:
D:2 Sigmund


Innate Abilities, Weirdness & Mutations

You are immune to sickness and miasma.
Your stone body is resilient. (AC +3)
You are immune to poison.
You resist negative energy. (rN+)
You are resistant to electric shocks. (rElec)
You are resistant to unholy torment.
You are immune to petrification.


Message History

Sigmund is lightly wounded.
You barely miss Sigmund.
Sigmund is lightly wounded.
Sigmund closely misses you.
You closely miss Sigmund.
Sigmund is lightly wounded.
Sigmund hits you but does no damage.
You hit Sigmund.
Sigmund is moderately wounded.
Sigmund points at you and mumbles some strange words.
You are confused.
You hit Sigmund.
Sigmund is heavily wounded.
Sigmund hits you with a +0 scythe.
Sigmund gestures wildly while chanting.
Sigmund flickers and vanishes!
Deactivating autopickup; reactivate with Ctrl-A.
Something hits you.
You miss something.
You feel less confused. Something hits you but does no damage.
You barely miss something. Something hits you.
You closely miss something. Something hits you!
* * * LOW HITPOINT WARNING * * *
You feel much better.
You closely miss something. Something hits you.
You hit something.
You hear some strange, mumbled words.
You are confused.
You hit something. Something barely misses you.
You hit something. Something hits you!
You bump into the rock wall.
You closely miss something. Something hits you!
* * * LOW HITPOINT WARNING * * *
It was a potion of flight.
You feel very buoyant.
You fly up into the air.
You feel less confused. Something hits you!
You die...

##.## #. #. #.
.. ## ###
#.##### ######
#..g.g# #.....
## ##{##
#.#### ..
##.@.# #.# .#
##.###.# #.#
.# ######.##
#.# #.#### .#
#......# .#
#..... .#
#.####.# #
########
.#######.#
##.# ..#
.........# #..
#.# .######..#
### #.# # .#
#..#
#.#####.######


You could see a gnoll.

Vanquished Creatures
  3 ball pythons (D:1)
  4 endoplasms
  2 giant cockroaches
  3 goblins
  A hobgoblin (D:1)
  4 kobolds
  2 quokkas (D:1)
  A bat (D:1)
  3 frilled lizards (D:1)
  A rat (D:1)
24 creatures vanquished.

Notes
Turn   | Place    | Note
-------+----------+-------------------------------------------
     0 | Abyss:1  | Gargoyl the Gargoyle Abyssal Knight began the quest for the
                  | Orb.
     0 | Abyss:1  | Reached XP level 1. HP: 14/14 MP: 2/2
    11 | D:1      | Escaped the Abyss
   133 | D:1      | Reached skill level 1 in Dodging
   268 | D:1      | You fall into a shaft and drop 1 floor!
   322 | D:2      | Reached * piety under Lugonu
   323 | D:2      | Reached XP level 2. HP: 19/19 MP: 3/3
   971 | D:1      | Found a faded altar of an unknown god.
  1265 | D:1      | Reached XP level 3. HP: 21/24 MP: 4/4
  1650 | D:2      | Noticed Sigmund
  1672 | D:2      | Mangled by Sigmund

Illustrated notes

Levels and vault maps discovered:
D:1:      scummos_arrival_simple_crosswalls, layout_basic,
          ebering_ecumenical_altar_hall
D:2:      layout_loops_ring, uniq_sigmund

Skill      XL: |  1  2 |
---------------+-------+-----
Dodging        | 1 |  1.1
Axes           | 2 |  2.2
Fighting       | |  3.7
Armour         | |  2.6
Invocations    | |  2.0

Action                   || total
-------------------------++-------
Melee: Hand axe          ||    83
Invok: Depart the Abyss  ||     1
  Use: Scroll            ||     4
       Potion            ||     3
Armor: Leather armour    ||    33
Dodge: Dodged            ||    53

Table legend: (Time is in decaauts)
 A = Elapsed time spent in this place.
 B = Non-inter-level travel time spent in this place.
 C = Inter-level travel time spent in this place.
 D = Time resting spent in this place.
 E = Time spent auto-exploring this place.
 F = Levels seen in this place.
 G = Mean time per level.
                   A        B        C        D        E       F      G
               +--------+--------+--------+--------+--------+-----+--------+
         Total |   1688 |   1681 |      7 |      0 |   1392 |   3 |  562.7 |
       Dungeon |   1677 |   1670 |      7 |      0 |   1382 |   2 |  838.5 |
         Abyss |     11 |     11 |      0 |      0 |     10 |   1 |   11.0 |
               +--------+--------+--------+--------+--------+-----+--------+

Top non-repeatable levels by time:
     D:1: 1362 daAuts
     D:2: 315 daAuts
 Abyss:1: 11 daAuts
